 Dungeon Crawl Stone Soup version 0.28-a0-1199-gef9e1dbd39 (webtiles) character file.

Game seed: 5196074630306286792

67 timneilson the Skirmisher (level 4, 0/35 HPs)
             Began as a Demonspawn Abyssal Knight on Dec 19, 2021.
             Was a Follower of Lugonu.
             Slain by a gnoll (9 damage)
             ... on level 2 of the Dungeon.
             The game lasted 00:02:55 (1534 turns).

timneilson the Skirmisher (DsAK)                    Turns: 1534, Time: 00:02:56

Health: 0/35       AC:  3    Str: 15    XL:     4   Next: 0%
Magic:  6/6        EV: 13    Int: 12    God:    Lugonu [*.....]
Gold:   69         SH:  4    Dex: 13    Spells: 3/3 levels left

rFire   . . .      SeeInvis .   a - +2 falchion
rCold   . . .      Faith    .   (no shield)
rNeg    . . .      Spirit   .   b - +0 leather armour
rPois   .          Reflect  .   (no helmet)
rElec   .          Harm     .   (no cloak)
rCorr   .          Rampage  .   (no gloves)
Will    .....                   (no boots)
Stlth   +.........              (no amulet)
HPRegen 0.11/turn               (no ring)
MPRegen 0.10/turn               (no ring)

@: no status effects
A: repulsion field 1, condensation shield
a: Renounce Religion, Depart the Abyss


You were on level 2 of the Dungeon.
You worshipped Lugonu.
Lugonu was aware of your devotion.
You visited 1 branch of the dungeon, and saw 2 of its levels.
You visited the Abyss 1 time.

You collected 69 gold pieces.

Inventory:

Hand Weapons
 a - a +2 falchion (weapon)
Armour
 b - a +0 leather armour (worn)
Scrolls
 d - a scroll of identify {unknown}
 e - 2 scrolls of fear {unknown}
Potions
 c - a potion of heal wounds {unknown}


   Skills:
 + Level 3.2 Fighting
 * Level 2.6 Long Blades
 * Level 2.4 Armour
 + Level 1.5 Dodging
 + Level 3.0 Invocations


You had 3 spell levels left.
You didn't know any spells.
Your spell library was empty.

Dungeon Overview and Level Annotations

Branches:
Dungeon (2/15)

Altars:


Innate Abilities, Weirdness & Mutations

You are surrounded by a mild repulsion field. (EV +2)
A meltable shield of frost defends you. (SH +4)


Message History

You kill the gnoll!
Lugonu accepts your kill.
Your Invocations skill increases to level 3!
Things that are here:
a +0 whip; a gnoll corpse The gnoll shouts!
There is an open door here.
The gnoll shouts!
Things that are here:
a +0 whip; a gnoll corpse The gnoll hits you with a +0 whip!
You barely miss the gnoll. The gnoll barely misses you.
You slash the gnoll!
The gnoll is heavily wounded.
The gnoll hits you with a +0 whip.
You closely miss the gnoll.
The gnoll is heavily wounded.
The gnoll closely misses you.
You barely miss the gnoll.
The gnoll is heavily wounded.
The gnoll hits you with a +0 whip. The gnoll misses you.
You hit the gnoll.
The gnoll is almost dead.
The gnoll hits you with a +0 whip!
You slash the gnoll!
You kill the gnoll!
Lugonu accepts your kill.
You have reached level 4!
You feel clever.
You slash the gnoll!
The gnoll is heavily wounded.
The gnoll completely misses you.
You closely miss the gnoll.
The gnoll is heavily wounded.
You block the gnoll's attack. The gnoll hits you with a +0 club.
* * * LOW HITPOINT WARNING * * *
You barely miss the gnoll.
The gnoll is heavily wounded.
The gnoll hits you with a +0 club!
You die...

##### #...# # #...# .. #...#
... #...# .... #...# .....
##################...#......
...............@g..'...'.....[
#.....###.##########...#.....g
#.....# #.# #...# .....
#.....# #.# ##### .... #.....#
#.# #+# #.....# #.# #####
.#.....###.#########...#
.......'†..............#
.#.....###.#########...#


You could see a gnoll.

Vanquished Creatures
  An adder (D:2)
  2 gnolls (D:2)
  5 ball pythons
  4 endoplasms
  5 goblins (D:1)
  4 hobgoblins
  3 quokkas (D:1)
  3 bats
  2 frilled lizards (D:1)
  4 kobolds (D:1)
  2 rats (D:1)
35 creatures vanquished.

Notes
Turn   | Place    | Note
-------+----------+-------------------------------------------
     0 | Abyss:1  | timneilson the Demonspawn Abyssal Knight began the quest
                  | for the Orb.
     0 | Abyss:1  | Reached XP level 1. HP: 18/18 MP: 2/2
    84 | Abyss:1  | Noticed a small abomination
    86 | D:1      | Escaped the Abyss
    99 | D:1      | Reached skill level 1 in Dodging
   366 | D:1      | Gained mutation: A meltable shield of frost defends you.
                  | (SH +4) [demonic ancestry]
   366 | D:1      | Reached XP level 2. HP: 24/24 MP: 3/3
   429 | D:1      | Reached * piety under Lugonu
  1032 | D:1      | Gained mutation: You are surrounded by a mild repulsion
                  | field. (EV +2) [demonic ancestry]
  1032 | D:1      | Reached XP level 3. HP: 26/29 MP: 5/5
  1092 | D:1      | Found a faded altar of an unknown god.
  1532 | D:2      | Reached XP level 4. HP: 11/35 MP: 6/6
  1534 | D:2      | Slain by a gnoll

Illustrated notes

Levels and vault maps discovered:
D:1:      shiori_angband_town, layout_basic, chequers_ecumenical_altar_lobes
D:2:      layout_basic, minmay_hedge_maze

Skill      XL: |  1  2  3 |
---------------+----------+-----
Dodging        | 1 |  1.5
Long Blades    | 2 |  2.6
Armour         | 2 |  2.4
Invocations    | 3 |  3.0
Fighting       | |  3.2

Action                   |  1- 3 |  4- 6 || total
-------------------------+-------+-------++-------
Melee: Falchion          |    85 |     3 ||    88
Invok: Depart the Abyss  |     1 |       ||     1
  Use: Scroll            |     3 |       ||     3
Armor: Leather armour    |    20 |       ||    20
Dodge: Dodged            |    48 |     1 ||    49
Block: Other             |     4 |     1 ||     5

Table legend: (Time is in decaauts)
 A = Elapsed time spent in this place.
 B = Non-inter-level travel time spent in this place.
 C = Inter-level travel time spent in this place.
 D = Time resting spent in this place.
 E = Time spent auto-exploring this place.
 F = Levels seen in this place.
 G = Mean time per level.
                   A        B        C        D        E       F      G
               +--------+--------+--------+--------+--------+-----+--------+
         Total |   1551 |   1541 |     10 |      0 |   1158 |   3 |  517.0 |
       Dungeon |   1464 |   1454 |     10 |      0 |   1158 |   2 |  732.0 |
         Abyss |     87 |     87 |      0 |      0 |      0 |   1 |   87.0 |
               +--------+--------+--------+--------+--------+-----+--------+

Top non-repeatable levels by time:
     D:1: 1135 daAuts
     D:2: 328 daAuts
 Abyss:1: 87 daAuts
